AoeStats
← krodie1029

Hideout

509890672Analyzed
1v1 RM · 3d ago on Sep 28, 2026· 34m 27s· 2 players
Game mode
Random Map
Map size
Tiny (2 player)
Population
200
Speed
Normal
Resources
Standard
Victory
Conquest
Starting age
Dark Age
Ending age
Imperial Age
RankedLock teamsTeams togetherTeam positionsShared explorationLock speedFull tech treeHidden civsTurbo modeCheats
Victory
Defeat
🇨🇴 Franks · Colombia
684
+15
🇪🇸 Hindustanis · Spain
661
-15
RAPAZ
0:29 Loom
11:51 Feudal Age
16:04 Castle Age
14:20 Double-Bit Axe
14:55 Fletching
15:01 Horse Collar
15:40 Padded Archer Armor
18:00 Heavy Plow
20:26 Bow Saw
21:21 Scale Barding Armor
22:28 Bloodlines
23:36 Husbandry
25:14 Forging
25:25 Chain Barding Armor
25:44 Bodkin Arrow
28:46 Iron Casting
29:24 Wheelbarrow
28:53 Crossbowman
krodie1029
12:54 Feudal Age
13:22 Double-Bit Axe
13:30 Gold Mining
15:53 Wheelbarrow
16:34 Stone Mining
20:20 Castle Age
19:51 Scale Barding Armor
19:57 Forging
21:26 Chain Barding Armor
21:59 Husbandry
22:28 Bow Saw
24:38 Pikeman
28:30 Iron Casting
28:47 Hand Cart
35:15 Imperial Age
Connection lost

Rejoining the realm…

Still unreachable

The connection could not be restored.

Session expired

The server has moved on; the page needs a fresh start.